 Dungeon Crawl Stone Soup version 0.30-a0-802-gb92711bcdf (webtiles) character file.

Game seed: 9763213401617916485

429 cforsyth the Sneak (level 7, -4/44 HPs)
             Began as a Kobold Brigand on Feb 25, 2023.
             Slain by an ogre
             ... wielding a +0 giant club
              (20 damage)
             ... on level 5 of the Dungeon.
             The game lasted 00:03:41 (3492 turns).

cforsyth the Sneak (Kobold Brigand)                 Turns: 3492, Time: 00:03:42

Health: -4/44      AC:  3    Str:  9    XL:     7   Next: 19%
Magic:  7/7        EV: 16    Int: 12    God:
Gold:   300        SH:  0    Dex: 18    Spells: 6/6 levels left

rFire   . . .      SeeInvis .    j - +2 short sword (drain)
rCold   . . .      Faith    .    (no shield)
rNeg    . . .      Spirit   .    b - +0 robe
rPois   .          Reflect  .    (no helmet)
rElec   .          Harm     .    c - +0 cloak
rCorr   .          Rampage  .    (no gloves)
Will    .....                    (no boots)
Stlth   +++++                    (no amulet)
HPRegen 0.27/turn                (no ring)
MPRegen 0.10/turn                (no ring)

@: no status effects
A: small, no large weapons, nightstalker 3
a: no special abilities


You were on level 5 of the Dungeon.
You visited 1 branch of the dungeon, and saw 5 of its levels.

You collected 300 gold pieces.

Inventory:

Hand Weapons
 a - a +2 dagger
 j - a +2 short sword of draining (weapon)
Missiles
 d - 9 poisoned darts (quivered)
 e - 3 curare-tipped darts
Armour
 b - a +0 robe (worn)
 c - a +0 cloak (worn)
Jewellery
 l - a ring of poison resistance
 A - a ring of see invisible
Wands
 v - a wand of quicksilver (10)
Scrolls
 f - 2 scrolls of enchant weapon {unknown}
 m - 2 scrolls of immolation {unknown}
 n - a scroll of blinking
 o - a scroll of teleportation {unknown}
 p - 3 scrolls of identify {unknown}
 r - 2 scrolls of enchant armour {unknown}
 s - a scroll of fog {unknown}
 w - a scroll of silence {unknown}
 x - 2 scrolls of magic mapping {unknown}
 y - a scroll of amnesia {unknown}
Potions
 g - a potion of haste {unknown}
 h - a potion of attraction {unknown}
 i - a potion of resistance {unknown}
 k - 2 potions of curing
 q - 2 potions of mutation {unknown}
 t - a potion of lignification {unknown}
 u - a potion of heal wounds {unknown}
 z - a potion of flight {unknown}


   Skills:
 + Level 4.3 Fighting
 + Level 5.2 Short Blades
 - Level 2.1 Throwing
 + Level 4.2 Dodging
 + Level 7.3 Stealth


You had 6 spell levels left.
You didn't know any spells.
Your spell library contained the following spells:

 Spells                   Type           Power      Damage    Failure   Level
 Necrotise                Necr           0%         1d4       32%         1
 Ozocubu's Armour         Ice            0%         N/A       69%         3
 Portal Projectile        Hex/Tloc       0%         N/A       69%         3
 Tukima's Dance           Hex            0%         N/A       69%         3
 Anguish                  Hex/Necr       0%         N/A       97%         4
 Blade Hands              Tmut           0%         N/A       100%        5
 Ozocubu's Refrigeration  Ice            0%         4d7       100%        7
 Shatter                  Erth           0%         3d5*      100%        9


Dungeon Overview and Level Annotations

Branches:
Dungeon (5/15)
 Temple: D:4-7

Altars:

Shops:
D:2 !   D:3 !(=


Innate Abilities, Weirdness & Mutations

You are small and have problems with some larger weapons.
You are completely attuned to the shadows.


Message History

The ufetubus hits you but does no damage.
The ufetubus hits you.
You hit the ufetubus.
The ufetubus is almost dead.
The ufetubus hits you. x2; The ufetubus barely misses you.
The ufetubus closely misses you.
You barely miss the ufetubus.
The ufetubus is almost dead.
The ufetubus misses you. The ufetubus closely misses you.
You hit the ufetubus.
You kill the ufetubus!
The iguana completely misses you.
You hit the iguana. You drain the iguana.
The iguana is moderately wounded.
The iguana closely misses you.
The ogre shouts!
You puncture the iguana! You drain the iguana.
The iguana is almost dead.
The iguana closely misses you.
You hit the iguana.
You kill the iguana!
Something hits you but does no damage.
Deactivating autopickup; reactivate with Ctrl-A.
You barely miss something. Something closely misses you.
You hit something. Something hits you. Something barely misses you.
You hit something but do no damage. Something hits you.
You hit something but do no damage. Something hits you but does no damage.
Something hits you.
You hit something. Something hits you.
You are too injured to fight recklessly!
You are too injured to fight recklessly!
You are too injured to fight recklessly!
You are too injured to fight recklessly!
You are too injured to fight recklessly!
You are too injured to fight recklessly!
You are too injured to fight recklessly!
You hit something but do no damage. Something hits you. Something hits you.
The ogre hits you with a +0 giant club!!
You die...

.. .. .. .. ## ## # ## .# ..
# #.#O##.. # #@##...# ####
#.#..#.# #... ......#..#..#
#...
.......#..#>#########..#
#.......#....#...........
..#....รท..#....>.##........
........[###..#............
.................#........
#......##...###.#........


You could see an ogre.

Vanquished Creatures
  A phantom (D:5)
  4 hounds
  2 iguanas
  4 gnolls (D:5)
  5 adders
  A white imp (D:3)
  An ufetubus (D:5)
  2 dart slugs
  7 orcs
  3 ball pythons
  5 endoplasms
  5 giant cockroaches
  2 goblins (D:1)
  11 hobgoblins
  3 jackals (D:3)
  3 quokkas
  3 bats
  4 frilled lizards
  5 kobolds
  3 rats
74 creatures vanquished.

Notes
Turn   | Place    | Note
-------+----------+-------------------------------------------
     0 | D:1      | cforsyth the Kobold Brigand began the quest for the Orb.
     0 | D:1      | Reached XP level 1. HP: 12/12 MP: 1/1
   169 | D:1      | Got the Teachings on Creeping Scree
   174 | D:1      | Reached XP level 2. HP: 18/18 MP: 2/2
   306 | D:1      | Found a faded altar of an unknown god.
   392 | D:1      | Reached XP level 3. HP: 22/22 MP: 3/3
   929 | D:2      | Found Itaask's Distillery.
  1244 | D:3      | Found Jipeffib's Distillery.
  1282 | D:3      | Reached XP level 4. HP: 19/27 MP: 4/4
  1371 | D:3      | Reached skill level 6 in Stealth
  1459 | D:3      | Found Vyty Yla's Weapon Emporium.
  1507 | D:3      | Found Suulas's Jewellery Shop.
  2078 | D:4      | Reached XP level 5. HP: 29/32 MP: 5/5
  2238 | D:4      | Identified the +5 short sword of the Lurker {protect,
                  | Str+2}
  2448 | D:4      | Reached XP level 6. HP: 38/38 MP: 6/6
  2529 | D:4      | You fall into a shaft and drop 1 floor!
  2529 | D:5      | Entered Level 5 of the Dungeon
  3221 | D:5      | Reached skill level 7 in Stealth
  3358 | D:5      | Reached skill level 5 in Short Blades
  3358 | D:5      | Reached XP level 7. HP: 29/43 MP: 7/7
  3492 | D:5      | Slain by an ogre

Illustrated notes

Levels and vault maps discovered:
D:1:      amcnicky_arrival_blooded_trapdoor, layout_basic,
          shapermc_ecumenical_altar_notcrosses, minmay_tree_intersection
D:2:      layout_loops_ring, serial_shops, nicolae_shop_behind_doors
D:3:      layout_loops_ring, serial_shops, nicolae_square_shop,
          nicolae_shop_behind_doors, shop, st_stairs_14
D:4:      layout_loops_ring
D:5:      layout_rooms, minmay_manual_macuahuitl

Skill      XL: |  1  2  3  4  5  6 |
---------------+-------------------+-----
Short Blades   | 3 4 5 |  5.2
Dodging        | 2 3 4 |  4.2
Fighting       | 3 4 |  4.3
Stealth        | 6 7 |  7.3
Throwing       | |  2.1

Action                     |  1- 3 |  4- 6 |  7- 9 || total
---------------------------+-------+-------+-------++-------
  Melee: Dagger            |    40 |       |       ||    40
         Short sword       |    31 |   147 |    16 ||   194
         Punch             |       |     2 |       ||     2
    Use: Scroll            |       |     1 |       ||     1
         Potion            |       |     1 |       ||     1
   Stab: Sleeping          |    21 |    10 |       ||    31
 Armour: Robe              |     8 |    16 |     4 ||    28
  Dodge: Dodged            |    23 |    92 |    16 ||   131

Table legend: (Time is in decaauts)
 A = Elapsed time spent in this place.
 B = Non-inter-level travel time spent in this place.
 C = Inter-level travel time spent in this place.
 D = Time resting spent in this place.
 E = Time spent auto-exploring this place.
 F = Levels seen in this place.
 G = Mean time per level.
                   A        B        C        D        E       F      G
               +--------+--------+--------+--------+--------+-----+--------+
         Total |   3445 |   3389 |     56 |    513 |   2368 |   5 |  689.0 |
       Dungeon |   3445 |   3389 |     56 |    513 |   2368 |   5 |  689.0 |
               +--------+--------+--------+--------+--------+-----+--------+

Top non-repeatable levels by time:
     D:5: 943 daAuts
     D:3: 864 daAuts
     D:2: 638 daAuts
     D:4: 506 daAuts
     D:1: 492 daAuts
